 Dungeon Crawl Stone Soup version 0.24-a0-584-g9d6b971ae4 (webtiles) character file.

Game seed: 4232757454405445059, levelgen mode: deterministic

422 Mithandil the Shield-Bearer (level 6, -4/53 HPs)
             Began as a Minotaur Fighter on Sept 1, 2019.
             Slain by a gnoll
             ... wielding a +0 halberd
              (7 damage)
             ... on level 4 of the Dungeon.
             The game lasted 00:17:16 (3566 turns).

Mithandil the Shield-Bearer (Minotaur Fighter)      Turns: 3566, Time: 00:17:18

Health: -4/53      AC: 13    Str: 22    XL:     6   Next: 63%
Magic:  5/5        EV:  7    Int:  5    God:
Gold:   143        SH: 10    Dex: 13    Spells: 5/5 levels left

rFire    . . .     SeeInvis .   a - +0 long sword
rCold    . . .     Gourm    .   c - +0 shield
rNeg     . . .     Faith    .   n - +0 chain mail
rPois    .         Spirit   .   (helmet restricted)
rElec    .         Reflect  .   (no cloak)
rCorr    .         Harm     .   q - +1 pair of gloves {Dex+3}
MR       .....                  l - +0 pair of boots
Stlth    ..........             x - amulet of regeneration
HPRegen  0.57/turn              (no ring)
MPRegen  0.09/turn              (no ring)

@: no status effects
A: retaliatory headbutt, horns 2
a: no special abilities


You were on level 4 of the Dungeon.
You were hungry.

You visited 1 branch of the dungeon, and saw 4 of its levels.

You collected 143 gold pieces.

Inventory:

Hand Weapons
 a - a +0 long sword (weapon)
 b - a +0 hunting sling
 i - a +2 dagger of venom
 s - a +0 whip of draining
 w - a +2 whip of electrocution
Missiles
 e - 12 javelins (quivered)
 m - 48 bolts
 r - 22 sling bullets
Armour
 c - a +0 shield (worn)
 l - a +0 pair of boots (worn)
 n - a +0 chain mail (worn)
 q - a +1 pair of gloves of dexterity (worn)
 t - the +2 robe of Virgh {rCorr, unknown}
   (You found it on level 4 of the Dungeon)

   It provides partial protection from all sources of acid and corrosion.
Jewellery
 x - an amulet of regeneration (around neck)
Scrolls
 o - 3 scrolls of remove curse
 u - a scroll of blinking
 v - a scroll of magic mapping
Potions
 d - 2 potions of might
 g - a potion of agility {unknown}
 k - a potion of resistance
Comestibles
 f - 6 rations


   Skills:
 + Level 4.7 Fighting
 * Level 5.2 Long Blades
 + Level 4.7 Armour
 + Level 2.3 Dodging
 * Level 5.6 Shields


You had 5 spell levels left.
You didn't know any spells.
Your spell library was empty.

Dungeon Overview and Level Annotations

Branches:
Dungeon (4/15)
 Temple: D:4-7

Altars:
Elyvilon
Kikubaaqudgha
Sif Muna
Zin


Innate Abilities, Weirdness & Mutations

You reflexively headbutt those who attack you in melee.
You have a pair of horns on your head.


Message History

You barely miss the gnoll. You block the gnoll's attack.
The gnoll hits you but does no damage.
The gnoll hits you from afar with a +0 halberd!
You barely miss the gnoll. You headbutt the gnoll.
The gnoll is lightly wounded.
The gnoll hits you but does no damage. x2; The gnoll barely misses you.
The gnoll hits you from afar with a +0 spear.
You barely miss the gnoll.
You headbutt the gnoll, but do no damage.
The gnoll is lightly wounded.
The gnoll hits you.
* * * LOW HITPOINT WARNING * * *
The gnoll hits you from afar with a +0 halberd!
* * * LOW HITPOINT WARNING * * *
You block the gnoll's attack.
You completely miss the worm. You headbutt the worm!
The worm is severely wounded.
The gnoll hits you but does no damage. You block the gnoll's attack.
The gnoll hits you from afar with a +0 halberd!
You die... ..... ....... .....###....... ............... #............ #....<....... #....รท#+##### #.........# ##########.#.# #g@..........# #w########.### .gg

....###.##### . #
#....##.#.........+
.. ### #....
..#####'#####... ..
......
..#..........## .#
####...
#.#............
.########## #...
#.#[...........
..........#
#..###'####....


You could see a worm and 3 gnolls.

Vanquished Creatures
  A centaur (D:4)
  2 orc priests (D:3)
  A gnoll shaman (D:4)
  An iguana (D:4)
  An orc wizard (D:3)
  A hound skeleton (D:3)
  7 adders
  2 gnolls (D:4)
  An ooze (D:2)
  A dart slug (D:2)
  4 leopard geckos
  7 orcs (D:3)
  A ball python (D:1)
  2 giant cockroaches
  11 goblins
  6 hobgoblins
  15 jackals
  A quokka (D:2)
  4 bats
  5 frilled lizards
  8 kobolds
  14 rats
96 creatures vanquished.

Notes
Turn   | Place    | Note
-------+----------+-------------------------------------------
     0 | D:1      | Mithandil the Minotaur Fighter began the quest for the Orb.
     0 | D:1      | Reached XP level 1. HP: 19/19 MP: 0/0
   415 | D:2      | Reached XP level 2. HP: 27/27 MP: 1/1
  1057 | D:2      | Reached XP level 3. HP: 26/33 MP: 2/2
  1366 | D:2      | Reached skill level 1 in Dodging
  1595 | D:2      | Reached XP level 4. HP: 40/40 MP: 3/3
  1732 | D:2      | Found a white marble altar of Elyvilon.
  1745 | D:2      | Found a glowing silver altar of Zin.
  1895 | D:2      | Found a shimmering blue altar of Sif Muna.
  2220 | D:4      | Got a heavy robe
  2394 | D:3      | Reached XP level 5. HP: 9/46 MP: 4/4
  2668 | D:3      | Reached skill level 5 in Shields
  3005 | D:3      | Reached XP level 6. HP: 53/53 MP: 5/5
  3223 | D:3      | Found an ancient bone altar of Kikubaaqudgha.
  3436 | D:4      | Reached skill level 5 in Long Blades
  3565 | D:4      | HP: 2/53 [gnoll/+0 halberd (12)]
  3566 | D:4      | Slain by a gnoll

Levels and vault maps discovered:
D:1:      sevenhm_arrival_forest_fort_small_3, layout_loops_corners,
          minmay_misc_feat_columns
D:2:      layout_loops_ring, lemuel_blue_sif_altar,
          gammafunk_temple_overflow_pools, first_ration, minmay_rat_gold_closets
D:3:      layout_basic, lemuel_coloured_pillars_altar, chequers_big_river
D:4:      layout_basic, uniq_crazy_yiuf_cottage, uniq_blork_the_orc

Skill      XL: |  1  2  3  4  5  6 |
---------------+-------------------+-----
Shields        | 4 5 |  5.6
Long Blades    | 3 4 5 |  5.2
Dodging        | 1 2 |  2.3
Armour         | 4 |  4.7
Fighting       | 4 |  4.7

Action                   |  1- 3 |  4- 6 || total
-------------------------+-------+-------++-------
Melee: Long sword        |   108 |   154 ||   262
       Headbutt          |    15 |    26 ||    41
  Use: Scroll            |     4 |     5 ||     9
       Potion            |     1 |     2 ||     3
  Eat: Chunk             |     2 |     6 ||     8
Armor: Scale mail        |    45 |       ||    45
       Chain mail        |    17 |   120 ||   137
Dodge: Dodged            |    39 |    58 ||    97
Block: Shield            |    64 |   110 ||   174
       Rpst.: Long sword |     7 |    13 ||    20

Table legend:
 A = Non-vault XP
 B = Vault XP
 C = Vault XP percentage of total XP
 D = Non-vault monster count
 E = Vault monster count
 F = Vault count percentage of total count
                 A         B        C        D         E       F
            +---------+---------+-------+---------+---------+-------
      Total |     596 |       8 |   1.3 |      88 |       8 |   8.3
            +---------+---------+-------+---------+---------+-------
        D:1 |      17 |       0 |   0.0 |      10 |       0 |   0.0
        D:2 |      90 |       8 |   8.2 |      36 |       8 |  18.2
        D:3 |     231 |       0 |   0.0 |      32 |       0 |   0.0
        D:4 |     258 |       0 |   0.0 |      10 |       0 |   0.0
            +---------+---------+-------+---------+---------+-------
